PCL
FRESNO GRIZZLIES @ ALBUQUERQUE ISOTOPES
09/03/2098
 
TOP OF THE 1ST
Fresno Grizzlies batting - Pitching for Albuquerque Isotopes : RHP Derek Fauntleroy
Pitching: RHP Derek Fauntleroy
Batting: RHB Bret Payne 0-0: Ball
1-0: Swinging Strike
1-1: Ball
2-1: Ground out 5-3 (Groundball, 56S, EV 63.8 MPH)
Batting: RHB Del Bannerman 0-0: Ball
1-0: Ground out 6-3 (Groundball, 56, EV 105.0 MPH)
Batting: LHB Steve Kuhlman 0-0: Swinging Strike
0-1: Ball
1-1: Ball
2-1: Fly out, F8 (Flyball, 8LM, EV 90.0 MPH)
Top of the 1st over - 0 runs, 0 hits, 0 errors, 0 left on base; Fresno 0 - Albuquerque 0
BOTTOM OF THE 1ST
Albuquerque Isotopes batting - Pitching for Fresno Grizzlies : RHP Antenor Palhares
Pitching: RHP Antenor Palhares
Batting: LHB Mike Keatts 0-0: Ball
1-0: Called Strike
1-1: Swinging Strike
1-2: Ball
2-2: Ball
3-2: Strikes out swinging
Batting: RHB Salvador Salaedo 0-0: Ball
1-0: Ball
2-0: Called Strike
2-1: Ground out 6-3 (Groundball, 6S, EV 65.0 MPH)
Batting: LHB Josue Lopez 0-0: Called Strike
0-1: Fly out, F9 (Flyball, 89D, EV 108.8 MPH)
Bottom of the 1st over - 0 runs, 0 hits, 0 errors, 0 left on base; Fresno 0 - Albuquerque 0
TOP OF THE 2ND
Fresno Grizzlies batting - Pitching for Albuquerque Isotopes : RHP Derek Fauntleroy
Batting: RHB Justin Haug 0-0: Called Strike
0-1: Swinging Strike
0-2: Ball
1-2: Ball
2-2: Strikes out swinging
Batting: RHB Aaron McNelley 0-0: Called Strike
0-1: Ball
1-1: Ball
2-1: Foul Ball, location: 9LDF
2-2: Ball
3-2: Base on Balls
Batting: RHB Tony Tenesaca 0-0: Called Strike
0-1: Ball
1-1: Ball
2-1: Ball
3-1: Fly out, F2 (Popup, 23F, EV 85.0 MPH)
Batting: LHB Dan Brockman 0-0: Called Strike
0-1: Fly out, F9 (Flyball, 9, EV 92.5 MPH)
Top of the 2nd over - 0 runs, 0 hits, 0 errors, 1 left on base; Fresno 0 - Albuquerque 0
BOTTOM OF THE 2ND
Albuquerque Isotopes batting - Pitching for Fresno Grizzlies : RHP Antenor Palhares
Batting: RHB Joey Lowery 0-0: Ball
1-0: Ball
2-0: Fly out, F6 (Flyball, 6D, EV 86.3 MPH)
Batting: RHB Josh Peterson 0-0: Called Strike
0-1: Swinging Strike
0-2: DOUBLE (Flyball, 8LXD, EV 99.4 MPH)
Batting: SHB Jorge Carrea 0-0: Hit by Pitch
Batting: LHB Roberto Velasco 0-0: Called Strike
0-1: Ball
1-1: Foul Ball, location: 2F
1-2: Ball
2-2: Foul Ball, location: 23FF
2-2: Strikes out swinging
Batting: RHB Johnny Holton 0-0: Ball
1-0: Ball
2-0: Ball
3-0: Called Strike
3-1: Foul Ball, location: 2F
3-2: Ground out 6-3 (Groundball, 6, EV 102.5 MPH)
Bottom of the 2nd over - 0 runs, 1 hit, 0 errors, 2 left on base; Fresno 0 - Albuquerque 0
TOP OF THE 3RD
Fresno Grizzlies batting - Pitching for Albuquerque Isotopes : RHP Derek Fauntleroy
Batting: RHB Chase Bavaro 0-0: Ball
1-0: Foul Ball, location: 5F
1-1: Foul Ball, location: 2RF
1-2: SINGLE (Line Drive, 8LS, EV 105.0 MPH)
Batting: RHB Michael Harrison 0-0: Bunted foul
0-1: Sac Bunt to 23 - play at second, runner OUT! 3-6
Batting: RHB Bret Payne 0-0: Foul Ball, location: 23F
0-1: Ball
1-1: DOUBLE (Line Drive, 78M, EV 106.3 MPH)
Michael Harrison to third
Batting: RHB Del Bannerman 0-0: Called Strike
0-1: Ball
1-1: Fly out, F8 (Flyball, 8LD, EV 106.9 MPH)
Batting: LHB Steve Kuhlman 0-0: Called Strike
0-1: Foul Ball, location: 2F
0-2: Foul Ball, location: 3FF
0-2: Strikes out swinging
Top of the 3rd over - 0 runs, 2 hits, 0 errors, 2 left on base; Fresno 0 - Albuquerque 0
BOTTOM OF THE 3RD
Albuquerque Isotopes batting - Pitching for Fresno Grizzlies : RHP Antenor Palhares
Batting: SHB Mike Schirmer 0-0: Called Strike
0-1: Ball
1-1: Ball
2-1: Called Strike
2-2: Ground out 6-3 (Groundball, 6D, EV 98.1 MPH)
Batting: LHB Mike Keatts 0-0: Ball
1-0: SINGLE (Groundball, 4MS, EV 78.8 MPH) (infield hit)
Batting: RHB Salvador Salaedo 0-0: Called Strike
0-1: Foul Ball, location: 2F
0-2: Ball
1-2: Foul Ball, location: 2F
1-2: Grounds into double play, 5-4-3 (Groundball, 5, EV 82.5 MPH)
Bottom of the 3rd over - 0 runs, 1 hit, 0 errors, 0 left on base; Fresno 0 - Albuquerque 0
TOP OF THE 4TH
Fresno Grizzlies batting - Pitching for Albuquerque Isotopes : RHP Derek Fauntleroy
Batting: RHB Justin Haug 0-0: Ball
1-0: Swinging Strike
1-1: Ball
2-1: Ball
3-1: Foul Ball, location: 2F
3-2: SINGLE (Line Drive, 7LS, EV 110.0 MPH)
Batting: RHB Aaron McNelley 0-0: Called Strike
0-1: Ball
1-1: Ball
2-1: Swinging Strike
2-2: Grounds into double play, 5-4-3 (Groundball, 56, EV 83.8 MPH)
Batting: RHB Tony Tenesaca 0-0: Foul Ball, location: 5F
0-1: Fly out, F3 (Popup, 34S, EV 80.0 MPH)
Top of the 4th over - 0 runs, 1 hit, 0 errors, 0 left on base; Fresno 0 - Albuquerque 0
BOTTOM OF THE 4TH
Albuquerque Isotopes batting - Pitching for Fresno Grizzlies : RHP Antenor Palhares
Batting: LHB Josue Lopez 0-0: Ball
1-0: Foul Ball, location: 2RF
1-1: Ground out 4-3 (Groundball, 34, EV 100.0 MPH)
Batting: RHB Joey Lowery 0-0: Foul Ball, location: 23FF
0-1: Fly out, F7 (Flyball, 7, EV 93.1 MPH)
Batting: RHB Josh Peterson 0-0: Ball
1-0: Fly out, F8 (Flyball, 8RD, EV 90.0 MPH)
Bottom of the 4th over - 0 runs, 0 hits, 0 errors, 0 left on base; Fresno 0 - Albuquerque 0
TOP OF THE 5TH
Fresno Grizzlies batting - Pitching for Albuquerque Isotopes : RHP Derek Fauntleroy
Batting: LHB Dan Brockman 0-0: Called Strike
0-1: Foul Ball, location: 7LMF
0-2: Strikes out swinging
Batting: RHB Chase Bavaro 0-0: Ball
1-0: SINGLE (Groundball, 6MD, EV 95.6 MPH)
Batting: RHB Michael Harrison 0-0: Called Strike
0-1: Ball
1-1: Called Strike
1-2: Foul Ball, location: 2F
1-2: Strikes out swinging
Batting: RHB Bret Payne 0-0: Fly out, F7 (Flyball, 78S, EV 91.3 MPH)
Top of the 5th over - 0 runs, 1 hit, 0 errors, 1 left on base; Fresno 0 - Albuquerque 0
BOTTOM OF THE 5TH
Albuquerque Isotopes batting - Pitching for Fresno Grizzlies : RHP Antenor Palhares
Batting: SHB Jorge Carrea 0-0: DOUBLE (Line Drive, 7LD, EV 106.9 MPH)
Batting: LHB Roberto Velasco 0-0: Foul Ball, location: 7LSF
0-1: Bunted foul
0-2: Ground out 2-3 (Groundball, 2R, EV 74.4 MPH)
Jorge Carrea to third
Batting: RHB Johnny Holton 0-0: Ball
1-0: Called Strike
1-1: Ball
2-1: Called Strike
2-2: Ground out 4-3 (Groundball, 13, EV 83.8 MPH)
Batting: SHB Mike Schirmer 0-0: Ball
1-0: SINGLE (Line Drive, 8LS, EV 86.9 MPH)
Jorge Carrea scores
Batting: LHB Mike Keatts 0-0: Called Strike
0-1: Ball
1-1: DOUBLE (Line Drive, 78D, EV 109.4 MPH)
Mike Schirmer to third
Batting: RHB Salvador Salaedo 0-0: Foul Ball, location: 9LMF
0-1: Called Strike
0-2: Ground out U3 (Groundball, 3, EV 80.6 MPH)
Bottom of the 5th over - 1 run, 3 hits, 0 errors, 2 left on base; Fresno 0 - Albuquerque 1
TOP OF THE 6TH
Fresno Grizzlies batting - Pitching for Albuquerque Isotopes : RHP Derek Fauntleroy
Batting: RHB Del Bannerman 0-0: Called Strike
0-1: Ball
1-1: Ground out 6-3 (Groundball, 6, EV 86.3 MPH)
Batting: LHB Steve Kuhlman 0-0: Ball
1-0: Fly out, F6 (Popup, 6M, EV 58.8 MPH)
Batting: RHB Justin Haug 0-0: Ball
1-0: Foul Ball, location: 9LMF
1-1: Ball
2-1: Ground out U3 (Groundball, 34, EV 83.8 MPH)
Top of the 6th over - 0 runs, 0 hits, 0 errors, 0 left on base; Fresno 0 - Albuquerque 1
BOTTOM OF THE 6TH
Albuquerque Isotopes batting - Pitching for Fresno Grizzlies : RHP Antenor Palhares
Batting: LHB Josue Lopez 0-0: Ball
1-0: Called Strike
1-1: Fly out, F4 (Flyball, 34D, EV 86.9 MPH)
Batting: RHB Joey Lowery 0-0: Called Strike
0-1: Foul Ball, location: 2F
0-2: Foul Ball, location: 2F
0-2: Ball
1-2: SINGLE (Groundball, 6S, EV 75.0 MPH) (infield hit)
Batting: RHB Josh Peterson 0-0: Called Strike
0-1: SINGLE (Line Drive, 5D, EV 108.1 MPH)
Joey Lowery to second
Batting: SHB Jorge Carrea 0-0: Called Strike
0-1: Swinging Strike
0-2: Ball
1-2: Fly out, F2 (Popup, 25F, EV 89.4 MPH)
Batting: LHB Roberto Velasco 0-0: Ball
1-0: Called Strike
1-1: Ball
2-1: Foul Ball, location: 7LMF
2-2: Strikes out swinging
Bottom of the 6th over - 0 runs, 2 hits, 0 errors, 2 left on base; Fresno 0 - Albuquerque 1
TOP OF THE 7TH
Fresno Grizzlies batting - Pitching for Albuquerque Isotopes : RHP Derek Fauntleroy
Batting: RHB Aaron McNelley 0-0: Ball
1-0: Called Strike
1-1: Ground out 6-3 (Groundball, 6, EV 80.0 MPH)
Batting: RHB Tony Tenesaca 0-0: Foul Ball, location: 5F
0-1: Ball
1-1: Foul Ball, location: 2F
1-2: Ball
2-2: Foul Ball, location: 2F
2-2: Fly out, F9 (Flyball, 9, EV 90.0 MPH)
Batting: LHB Dan Brockman 0-0: Foul Ball, location: 2RF
0-1: Reaches on Catchers interference
Pinch Hitting: LHB Tim Kramer 0-0: Ball
1-0: Fly out, F5 (Popup, 25F, EV 90.0 MPH)
Top of the 7th over - 0 runs, 0 hits, 1 error, 1 left on base; Fresno 0 - Albuquerque 1
BOTTOM OF THE 7TH
Albuquerque Isotopes batting - Pitching for Fresno Grizzlies : RHP Antenor Palhares
Now at 3B: Steve Bracken
Batting: RHB Johnny Holton 0-0: Ball
1-0: SINGLE (Line Drive, 8LS, EV 108.8 MPH)
Batting: SHB Mike Schirmer 0-0: Swinging Strike
0-1: Ball
1-1: Ball
2-1: Fly out, F8 (Flyball, 8RM, EV 75.0 MPH)
Batting: LHB Mike Keatts 0-0: Ball
1-0: SINGLE (Groundball, 56D, EV 99.4 MPH)
Johnny Holton to second
Batting: RHB Salvador Salaedo 0-0: Ball
1-0: Called Strike
1-1: Ball
2-1: Foul Ball, location: 2F
2-2: Ball
3-2: Fielders Choice at 2nd, 6-4 (Groundball, 6D, EV 107.5 MPH)
Johnny Holton to third
Batting: LHB Josue Lopez 0-0: Foul Ball, location: 7LMFF
0-1: Called Strike
0-2: SINGLE (Flyball, 8LS, EV 89.4 MPH)
Johnny Holton scores
Salvador Salaedo to second
Batting: RHB Joey Lowery 0-0: Called Strike
0-1: Ball
1-1: Swinging Strike
1-2: Strikes out swinging
Bottom of the 7th over - 1 run, 3 hits, 0 errors, 2 left on base; Fresno 0 - Albuquerque 2
TOP OF THE 8TH
Fresno Grizzlies batting - Pitching for Albuquerque Isotopes : RHP Derek Fauntleroy
Batting: RHB Michael Harrison 0-0: Called Strike
0-1: Foul Ball, location: 9LDF
0-2: Ball
1-2: Ball
2-2: Foul Ball, location: 9LMF
2-2: Ball
3-2: Ground out 6-3 (Groundball, 6D, EV 76.9 MPH)
Batting: RHB Bret Payne 0-0: Ball
1-0: Called Strike
1-1: Ball
2-1: Foul Ball, location: 2F
2-2: Ball
3-2: Strikes out looking
Batting: RHB Del Bannerman 0-0: Called Strike
0-1: Ball
1-1: Ball
2-1: Foul Ball, location: 2F
2-2: DOUBLE (Line Drive, 5D, EV 105.0 MPH)
Batting: LHB Steve Kuhlman 0-0: Ball
1-0: Fly out, F5 (Popup, 25F, EV 86.3 MPH)
Top of the 8th over - 0 runs, 1 hit, 0 errors, 1 left on base; Fresno 0 - Albuquerque 2
BOTTOM OF THE 8TH
Albuquerque Isotopes batting - Pitching for Fresno Grizzlies : RHP Antenor Palhares
Pitching: RHP Gene Kaiser
Batting: RHB Josh Peterson 0-0: Fly out, F9 (Line Drive, 9, EV 91.9 MPH)
Batting: SHB Jorge Carrea 0-0: SINGLE (Flyball, 78S, EV 99.4 MPH)
Batting: LHB Roberto Velasco 0-0: Fielders Choice at 2nd, 4-6 (Groundball, 4, EV 100.6 MPH)
Batting: RHB Johnny Holton 0-0: Called Strike
Roberto Velasco steals 2nd base
0-1: Ball
1-1: Fly out, F8 (Flyball, 8RD, EV 101.9 MPH)
Bottom of the 8th over - 0 runs, 1 hit, 0 errors, 1 left on base; Fresno 0 - Albuquerque 2
TOP OF THE 9TH
Fresno Grizzlies batting - Pitching for Albuquerque Isotopes : RHP Derek Fauntleroy
Batting: RHB Justin Haug 0-0: Called Strike
0-1: Foul Ball, location: 2F
0-2: SINGLE (Groundball, 56S, EV 66.9 MPH) (infield hit)
Pinch Hitting: LHB Mike Palmer 0-0: Ball
1-0: Foul Ball, location: 3FF
1-1: Fly out, F7 (Flyball, 7, EV 79.4 MPH)
Batting: RHB Tony Tenesaca 0-0: Ball
1-0: Grounds into double play, U3-6 (Groundball, 3L, EV 91.3 MPH)
Top of the 9th over - 0 runs, 1 hit, 0 errors, 0 left on base; Fresno 0 - Albuquerque 2
Sunday, April 14th , 2024 - OOTP Baseball 24.11 Build 85